 Dungeon Crawl Stone Soup version bcrawl-1.26.1 (webtiles) character file.

Game seed: 9796619017828567732

193073 Niddhogr the Poker (level 5, 2/41 HPs)
             Began as a Demonspawn Chaos Knight on July 14, 2020.
             Was a Plaything of Xom.
             Quit the game on level 3 of the Dungeon.
             The game lasted 00:07:43 (1786 turns).

Niddhogr the Poker (Demonspawn Chaos Knight)        Turns: 1786, Time: 00:07:43

Health: 2/41       AC:  8    Str: 17      XL:     5   Next: 33%
Magic:  7/9        EV: 11    Int: 13 (14) God:    Xom [......]
Gold:   205        SH:  0    Dex: 11 (13) Spells: 9/9 levels left

rFire    . . .     SeeInvis .   a - +0 spear (chaos)
rCold    + . .     Gourm    .   (no shield)
rNeg     + . .     Faith    .   b - +2 leather armour
rPois    .         Spirit   .   (no helmet)
rElec    .         Reflect  .   f - +0 cloak
rCorr    .         Harm     .   (no gloves)
MR       .....                  (no boots)
Stlth    +.........             (no amulet)
HPRegen  0.13/turn              N - ring of positive energy {rN+}
MPRegen  0.11/turn              (no ring)

@: mighty, cleaving
A: yellow scales 1, cold resistance 1
a: Renounce Religion


You were on level 3 of the Dungeon.
You worshipped Xom.
You were a very special plaything of Xom.
You were not hungry.

You visited 1 branch of the dungeon, and saw 3 of its levels.

You collected 205 gold pieces.

Inventory:

Hand Weapons
 a - a +0 spear of chaos (weapon)
Missiles
 k - 112 poisoned needles
 Q - 784 stones (quivered)
Armour
 b - a +2 leather armour (worn)
 f - a +0 cloak (worn)
Jewellery
 N - a ring of positive energy (left hand) {rN+}
Scrolls
 c - a scroll of amnesia
Potions
 d - a potion of degeneration {!q}
 g - 2 potions of might
 h - a potion of brilliance {unknown}
 l - a potion of heal wounds {unknown}
Comestibles
 e - 8 rations {!d}
 i - 3 chunks of flesh


   Skills:
 - Level 3.0 Fighting
 * Level 4.6 Polearms
 - Level 1.7 Armour
 - Level 0.8 Dodging
 + Level 2.8 Spellcasting


You had 9 spell levels left.
You didn't know any spells.
Your spell library was empty.

Dungeon Overview and Level Annotations

Branches:
Dungeon (3/12)

Altars:
Xom
Zin


Innate Abilities, Weirdness & Mutations

You are partially covered in yellow scales. (AC +2)
Your flesh is cold resistant. (rC+)


Message History

No path to travel!
You barely miss the scorpion.
The scorpion stings you but does no damage.
The scorpion closely misses you.
You closely miss the scorpion. The scorpion barely misses you.
You puncture the scorpion!
Lightning courses through the scorpion!!
You kill the scorpion!
You feel your intelligence returning.
You have reached level 5!
Your demonic ancestry asserts itself...
You feel resistant to cold.
Unknown command.
The kobold throws a stone.
You hear some strange, mumbled words.
A puff of flame appears from out of thin air!
The puff of flame hits you.
* * * LOW HITPOINT WARNING * * *
There is a shimmering altar of Xom here.
You take 5 damage, and have 2/41 hp.

..# #..# # #.. #.# #..#
#.##..# #.# #..#
#.#...# #.# ###..# .
..#... #.# ##.#..# ..
....# ## #.# ##.#..(#
#.# #..##.# #.#
#.###..#
#$##_.#_####>####.#[.##
#...$...o.K.o..@.....#
#.#^..#######.####.###
##..# #.# #.# #.)# #.#
#.# #..# #.# #.#
.oo.K..# #.# #.#
##K##.## ... ### # #.#
#.# #.# #.#


You could see 2 orcs and a kobold.

Levels and vault maps discovered:
D:1:      dpeg_arrival_three_smaller_balls, layout_loops_ring,
          kennysheep_flooded_box, chequers_garden
D:2:      minmay_chambers_of_twos, layout_rooms
D:3:      layout_loops_ring, grunt_ministairs_4

Notes
Turn   | Place    | Note
-------+----------+-------------------------------------------
     0 | D:1      | Niddhogr the Demonspawn Chaos Knight began the quest for
                  | the Orb.
     0 | D:1      | Reached XP level 1. HP: 18/18 MP: 1/1
     0 | D:1      | XOM: divination: detect creatures
    23 | D:1      | Identified a +0 spear of chaos
    37 | D:1      | XOM: harmless Tmut miscast
    71 | D:1      | XOM: harmless Hex miscast
   151 | D:1      | XOM: divination: magic mapping
   185 | D:1      | Reached skill level 1 in Spellcasting
   289 | D:1      | Gained mutation: You are partially covered in yellow
                  | scales. (AC +2) [demonic ancestry]
   289 | D:1      | Reached XP level 2. HP: 22/24 MP: 3/3
   298 | D:1      | XOM: mild Erth miscast
   304 | D:1      | XOM: harmless Summ miscast
   433 | D:1      | Identified a +0 club
   437 | D:1      | Reached skill level 3 in Polearms
   542 | D:1      | XOM: 3-stop teleportation journey
   715 | D:1      | Found a glowing silver altar of Zin.
   770 | D:1      | Identified a +0 club
   968 | D:2      | Reached XP level 3. HP: 29/29 MP: 5/5
   999 | D:2      | Identified a scroll of identify
  1052 | D:2      | Identified a +0 club
  1055 | D:2      | Identified a +0 club
  1060 | D:2      | Identified a +0 club
  1060 | D:2      | Identified a +0 leather armour
  1065 | D:2      | XOM: smoke on damage
  1093 | D:2      | HP: 5/29 [something (3)]
  1284 | D:2      | Identified a ring of positive energy (You found it on level
                  | 2 of the Dungeon)
  1338 | D:2      | Identified a +0 club
  1381 | D:2      | Reached skill level 2 in Spellcasting
  1408 | D:2      | Identified a +0 dagger
  1411 | D:2      | Identified a +0 club
  1456 | D:2      | Noticed a centaur
  1456 | D:2      | a worm changed into a centaur
  1456 | D:2      | XOM: polymorph worm -> centaur
  1460 | D:2      | HP: 5/29 [centaur (7)]
  1461 | D:2      | Identified 2 potions of degeneration
  1462 | D:2      | Identified 2 potions of curing
  1464 | D:2      | XOM: noise
  1467 | D:2      | HP: 7/29 [centaur (7)]
  1472 | D:2      | HP: 6/29 [centaur (2)]
  1473 | D:2      | Killed a centaur
  1473 | D:2      | Reached skill level 4 in Polearms
  1473 | D:2      | Reached XP level 4. HP: 7/35 MP: 7/7
  1548 | D:2      | XOM: god gift: chain mail {god gift}
  1623 | D:2      | Identified a +0 cloak (You found it on level 2 of the
                  | Dungeon)
  1723 | D:3      | Identified a scroll of amnesia
  1752 | D:3      | Identified a +0 club
  1758 | D:3      | Identified a +0 dagger
  1758 | D:3      | Identified a +0 robe
  1758 | D:3      | Identified a cursed +0 flail
  1758 | D:3      | Identified a +0 whip
  1758 | D:3      | Identified a +0 leather armour
  1758 | D:3      | Identified a +0 club
  1759 | D:3      | XOM: polymorph orc -> goblin
  1760 | D:3      | XOM: cleaving
  1760 | D:3      | Identified a +0 short sword
  1772 | D:3      | Identified 3 potions of might
  1773 | D:3      | XOM: scenery: create altars
  1776 | D:3      | HP: 5/35 [scorpion (6)]
  1780 | D:3      | Gained mutation: Your flesh is cold resistant. (rC+)
                  | [demonic ancestry]
  1780 | D:3      | Reached XP level 5. HP: 6/41 MP: 7/9
  1785 | D:3      | HP: 2/41 [something/puff of flame (5)]
  1786 | D:3      | Quit the game

Table legend:
 A = Turns spent in this place as a percentage of turns spent in the entire game.
 B = Non-inter-level travel turns spent in this place as a percentage of non-inter-level travel turns spent in the entire game.
 C = Inter-level travel turns spent in this place as a percentage of turns spent in this place.
 D = Turns resting spent in this place as a percentage of non-inter-level travel turns spent in this place.
 E = Turns spent auto-exploring this place as a percentage of non-inter-level travel turns spent in this place.
 F = Non-inter-level travel turns spent in this place divided by the number of levels of this place that you've seen.
                   A       B       C       D       E      F
               +-------+-------+-------+-------+-------+----------------------
         Total | 100.0 | 100.0 |   3.0 |   0.0 |  73.7 | 577.3
       Dungeon | 100.0 | 100.0 |   3.0 |   0.0 |  73.7 | 577.3
               +-------+-------+-------+-------+-------+----------------------

Table legend:
 A = Kills in this place as a percentage of kills in entire the game.
 B = Kills by you in this place as a percentage of kills by you in the entire game.
 C = Kills by friends in this place as a percentage of kills by friends in the entire game.
 D = Other kills in this place as a percentage of other kills in the entire game.
 E = Experience gained in this place as a percentage of experience gained in the entire game.
 F = Experience gained in this place divided by the number of levels of this place that you have seen.
                   A       B       C       D       E      F
               +-------+-------+-------+-------+-------+----------------------
         Total | 100.0 | 100.0 |   N/A |   N/A | 100.0 |  85.7
       Dungeon | 100.0 | 100.0 |   N/A |   N/A | 100.0 |  85.7
               +-------+-------+-------+-------+-------+----------------------

Skill      XL: |  1  2  3 |
---------------+----------+-----
Spellcasting   | 1 2 |  2.8
Polearms       | 3 4 |  4.6
Fighting       | |  3.0
Armour         | |  1.7
Dodging        | |  0.8

Action                   |  1- 3 |  4- 6 || total
-------------------------+-------+-------++-------
Melee: Spear             |   169 |    14 ||   183
  Use: Potion            |     3 |     1 ||     4
       Scroll            |       |     1 ||     1
 Stab: Paralysed         |     1 |       ||     1
       Sleeping          |     1 |       ||     1
  Eat: Chunk             |     2 |     1 ||     3
Armor: Leather armour    |    51 |     4 ||    55
Dodge: Dodged            |    77 |     4 ||    81

Vanquished Creatures
  A centaur (D:2)
  A scorpion (D:3)
  2 worms (D:1)
  2 dart slugs (D:2)
  An orc (D:2)
  2 ball pythons
  7 bats
  A giant cockroach (D:1)
  2 goblins
  10 hobgoblins
  A jackal (D:2)
  2 quokkas (D:2)
  A frilled lizard (D:2)
  4 kobolds
  5 rats
42 creatures vanquished.
